 Dungeon Crawl Stone Soup version 0.31-a0-370-g25055926c8 (webtiles) character file.

Game seed: 3384241040349718194

1255 AdnanSaban the Cudgeller (level 8, -4/50 HPs)
             Began as a Gargoyle Fighter on July 29, 2023.
             Shot with an arrow by a centaur (8 damage)
             ... on level 6 of the Dungeon.
             The game lasted 00:06:17 (4630 turns).

AdnanSaban the Cudgeller (Gargoyle Fighter)         Turns: 4630, Time: 00:06:18

Health: -4/50      AC: 18    Str: 21    XL:     8   Next: 51%
Magic:  8/8        EV: 13    Int: 10    God:
Gold:   303        SH:  4    Dex:  9    Spells: 7/7 levels left

rFire   . . .        a - +0 flail
rCold   . . .        c - +0 buckler
rNeg    + . .        s - +0 chain mail
rPois   ∞            (no helmet)
rElec   +            q - +0 cloak
rCorr   +            D - +0 pair of gloves
SInv    .            (no boots)
Will    .....        (no amulet) Stlth
                     b - ring of resist corrosion
HPRegen 0.28/turn    y - +5 ring of evasion
MPRegen 0.11/turn

%: no passive effects
@: no status effects
A: sickness immunity, AC +5, negative energy resistance 1, electricity
resistance, torment resistance 1, petrification resistance
a: no special abilities


You were on level 6 of the Dungeon.
You visited 1 branch of the dungeon, and saw 6 of its levels.

You collected 303 gold pieces.

Inventory:

Hand Weapons
 a - a +0 flail (weapon)
Missiles
 o - a boomerang (quivered)
 G - 4 poisoned darts
Armour
 c - a +0 buckler (worn)
 q - a +0 cloak (worn)
 s - a +0 chain mail (worn)
 D - a +0 pair of gloves (worn)
Jewellery
 b - a ring of resist corrosion (left hand)
 y - a +5 ring of evasion (right hand)
 E - the ring "Mijoh" {rElec rPois Int+6}
   (You found it on level 6 of the Dungeon)

   [ring of intelligence]

   Int:       It affects your intelligence (+6).
   rElec:     It insulates you from electricity.
   rPois:     It protects you from poison.
Wands
 A - a wand of polymorph (10)
Scrolls
 f - a scroll of blinking {unknown}
 i - 2 scrolls of identify {unknown}
 n - a scroll of poison {unknown}
 p - a scroll of fog {unknown}
 t - a scroll of torment {unknown}
 u - a scroll of brand weapon {unknown}
 v - a scroll of butterflies {unknown}
 w - a scroll of vulnerability {unknown}
 x - 2 scrolls of silence {unknown}
 B - a scroll of teleportation {unknown}
 C - a scroll of noise {unknown}
Potions
 d - 4 potions of might
 e - a potion of mutation {unknown}
 g - 2 potions of ambrosia {unknown}
 h - 3 potions of heal wounds {unknown}
 j - a potion of curing {unknown}
 k - 2 potions of lignification {unknown}
 l - a potion of berserk rage {unknown}
 m - 3 potions of invisibility {unknown}
 r - a potion of brilliance {unknown}
 z - a potion of degeneration {unknown}
 F - 2 potions of cancellation {unknown}


   Skills:
 + Level 5.5 Fighting
 + Level 6.6 Maces & Flails
 + Level 2.3 Throwing
 + Level 6.1 Armour
 + Level 1.4 Dodging
 + Level 4.4 Shields


You had 7 spell levels left.
You didn't know any spells.
Your spell library contained the following spells:

 Spells                   Type           Power      Damage    Failure   Level
 Dispel Undead            Necr           0%         3d6       100%        4
 Summon Forest            Summ/Tloc      0%         N/A       100%        5
 Death Channel            Necr           0%         N/A       100%        6
 Eringya's Noxious Bog    Tmut/Pois      0%         4d6       100%        6
 Summon Hydra             Summ           0%         N/A       100%        7
 Cigotuvi's Dreadful Rot  Necr/Pois/Air  Unusable   N/A       N/A         2

Dungeon Overview and Level Annotations

Branches:
Dungeon (6/15)
 Temple: D:4-7

Altars:
Elyvilon
Xom
Zin


Innate Abilities, Weirdness & Mutations

You are immune to sickness and miasma.
Your stone body is resilient. (AC +5)
You are immune to poison.
You resist negative energy. (rN+)
You are resistant to electric shocks. (rElec)
You are resistant to unholy torment.
You are immune to petrification.


Message History

The adder misses you. The centaur closely misses you.
The centaur kicks you but does no damage.
You miss the adder.
The adder is severely wounded.
You block the centaur's attack.
The centaur kicks you but does no damage.
The sleepcap releases spores at you but does no damage.
The adder bites you but does no damage. The centaur closely misses you.
The centaur kicks you but does no damage.
You hit the adder.
You kill the adder!
The sleepcap releases spores at you.
* * * LOW HITPOINT WARNING * * *
The centaur closely misses you. The centaur barely misses you.
The sleepcap releases spores at you.
* * * LOW HITPOINT WARNING * * *
Found a stone staircase leading up.
The centaur closely misses you. The centaur barely misses you.
The centaur closely misses you.
The centaur kicks you but does no damage.
The sleepcap attacks as you move away!
The sleepcap releases spores at you but does no damage.
The centaur wields a +0 orcbow.
The centaur shoots an arrow.
The arrow barely misses you.
The centaur shoots an arrow.
The arrow hits you.
* * * LOW HITPOINT WARNING * * *
The sleepcap attacks as you move away! The sleepcap misses you.
The centaur shoots an arrow.
The arrow completely misses you.
The centaur shoots an arrow.
The arrow barely misses you.
The centaur shoots an arrow.
The arrow closely misses you.
The centaur shoots an arrow.
The arrow hits you.
* * * LOW HITPOINT WARNING * * *
The centaur shoots an arrow.
You block the arrow. The sleepcap attacks as you move away!
The sleepcap releases spores at you but does no damage.
Found a stone staircase leading down.
There is a stone staircase leading up here.
The centaur shoots an arrow.
The arrow hits you but does no damage. The sleepcap closely misses you.
The centaur shoots an arrow.
The arrow hits you!
You die...

#....[..## ##..#...##
. ##c.#...## ..
####........# ...
#...o.........# ....
#.............#
.....###.............#
.......f.............#
>......@.............#
.....###.............
.... #............ ...
#...........
#.........# #....#####
#....# ....#


You could see a sleepcap, a centaur and an orc.

Vanquished Creatures
  Grinder (D:6)
  A water moccasin (D:6)
  An ice beast (D:5)
  3 ogres (D:5)
  A kobold brigand (D:6)
  A scorpion (D:6)
  A howler monkey (D:6)
  3 hounds
  2 orc priests
  2 iguanas
  3 orc wizards
  3 gnolls (D:2)
  6 adders
  A worm (D:3)
  2 dart slugs
  7 orcs
  7 endoplasms
  4 goblins (D:1)
  10 hobgoblins
  14 jackals
  3 quokkas
  7 ball pythons
  8 bats
  2 frilled lizards
  9 kobolds
  3 rats
105 creatures vanquished.

Notes
Turn   | Place    | Note
-------+----------+-------------------------------------------
     0 | D:1      | AdnanSaban the Gargoyle Fighter began the quest for the
                  | Orb.
     0 | D:1      | Reached XP level 1. HP: 14/14 MP: 1/1
   206 | D:1      | Reached XP level 2. HP: 12/19 MP: 2/2
   373 | D:1      | Reached XP level 3. HP: 11/23 MP: 3/3
  1097 | D:2      | Reached XP level 4. HP: 27/29 MP: 4/4
  1229 | D:2      | Found a shimmering altar of Xom.
  1623 | D:3      | Reached XP level 5. HP: 32/33 MP: 5/5
  2255 | D:4      | Reached XP level 6. HP: 37/38 MP: 6/6
  2782 | D:5      | Entered Level 5 of the Dungeon
  2786 | D:5      | Identified the +1 ring mail of Daisies {rElec rF+ rN+}
  3219 | D:5      | Reached skill level 5 in Maces & Flails
  3219 | D:5      | Reached skill level 5 in Armour
  3219 | D:5      | Reached skill level 1 in Dodging
  3219 | D:5      | Reached XP level 7. HP: 8/44 MP: 7/7
  3791 | D:5      | Reached skill level 1 in Throwing
  3905 | D:5      | Found a white marble altar of Elyvilon.
  3914 | D:5      | Found a glowing silver altar of Zin.
  4219 | D:6      | Identified the ring "Mijoh" {rElec rPois Int+6}
  4229 | D:6      | Reached skill level 5 in Fighting
  4229 | D:6      | Reached XP level 8. HP: 45/49 MP: 8/8
  4387 | D:6      | Noticed Grinder
  4393 | D:6      | Paralysed by Grinder for 5 turns
  4409 | D:6      | Paralysed by Grinder for 3 turns
  4417 | D:6      | Paralysed by Grinder for 3 turns
  4421 | D:6      | Paralysed by Grinder for 5 turns
  4427 | D:6      | Killed Grinder
  4630 | D:6      | Shot with an arrow by a centaur

Illustrated notes

Levels and vault maps discovered:
D:1:      arrival_zaba_pyramid, layout_basic, minmay_misc_feat_hallway
D:2:      layout_basic, basic_altar, serial_curves, eino_curves_01,
          eino_curves_04, nicolae_grassy_gnolls
D:3:      layout_rooms
D:4:      layout_basic, portal_sewer_entry_e, minmay_misc_feat_tiny,
          glass_columns_b, nicolae_twisty_statue_hallways
D:5:      layout_loops_ring, mainiacjoe_overflow_swirl
D:6:      corexii_shack_village, layout_cave_pods,
          minmay_temple_entry_drinking_statues, uniq_grinder, uniq_edmund

Skill      XL: |  1  2  3  4  5  6  7  8 |
---------------+-------------------------+-----
Armour         | 4 5 6 |  6.1
Maces & Flails | 3 4 5 6 |  6.6
Fighting       | 4 5 |  5.5
Shields        | 4 |  4.4
Dodging        | 1 |  1.4
Throwing       | 1 2 |  2.3

Action                     |  1- 3 |  4- 6 |  7- 9 || total
---------------------------+-------+-------+-------++-------
  Melee: Flail             |   110 |   165 |   116 ||   391
  Throw: Boomerang         |       |     4 |    26 ||    30
 Armour: Scale mail        |    94 |    22 |       ||   116
         Chain mail        |       |    96 |    64 ||   160
  Dodge: Dodged            |    66 |    70 |    81 ||   217
  Block: Buckler           |    37 |    34 |    23 ||    94

Table legend: (Time is in decaauts)
 A = Elapsed time spent in this place.
 B = Non-inter-level travel time spent in this place.
 C = Inter-level travel time spent in this place.
 D = Time resting spent in this place.
 E = Time spent auto-exploring this place.
 F = Levels seen in this place.
 G = Mean time per level.
                   A        B        C        D        E       F      G
               +--------+--------+--------+--------+--------+-----+--------+
         Total |   4730 |   4356 |    374 |    195 |   3173 |   6 |  788.3 |
       Dungeon |   4730 |   4356 |    374 |    195 |   3173 |   6 |  788.3 |
               +--------+--------+--------+--------+--------+-----+--------+

Top non-repeatable levels by time:
     D:5: 1082 daAuts
     D:1: 1017 daAuts
     D:4: 854 daAuts
     D:2: 624 daAuts
     D:3: 593 daAuts
     D:6: 558 daAuts
